 Dungeon Crawl Stone Soup version 0.31-a0-219-g8d62b2e7bb (webtiles) character file.

Game seed: 3242620811199761734

13487 olmar the Thaumaturge (level 11, 0/79 HPs)
             Began as a Demigod Earth Elementalist on July 4, 2023.
             Slain by a bog body (6 damage)
             ... in an ice cave.
             The game lasted 00:24:54 (14050 turns).

olmar the Thaumaturge (Demigod Earth Elementalist) Turns: 14050, Time: 00:24:55

Health: 0/79       AC:  9    Str:  9    XL:     11   Next: 48%
Magic:  18/30      EV: 13    Int: 29    God:
Gold:   761        SH:  0    Dex: 14    Spells: 18/32 levels left

rFire   . . .        m - +2 whip of Limukiaf {freeze, Will++ rCorr}
rCold   + . .        (no shield)
rNeg    + . .        F - +0 steam dragon scales
rPois   .            N - +0 helmet
rElec   .            D - +1 cloak
rCorr   +            R - +0 pair of gloves
SInv    .            (no boots)
Will    +++..        i - amulet of regeneration
Stlth   ++           o - ring of positive energy
HPRegen 1.13/turn    I - ring of protection from cold
MPRegen 0.22/turn

%: no passive effects
@: hasted, very quick
A: high MP 1, forlorn, divine attributes
a: no special abilities


You were in an ice cave.
You visited 3 branches of the dungeon, and saw 14 of its levels.
You also visited: Ice Cave.

You collected 1073 gold pieces.
You spent 312 gold pieces at shops.

Inventory:

Hand Weapons
 m - the +2 whip of Limukiaf (weapon) {freeze, Will++ rCorr}
   (You found it on level 2 of the Dungeon)

   rCorr:     It protects you from acid and corrosion.
   Will:      It greatly increases your willpower.
Missiles
 n - 2 throwing nets
 L - 2 curare-tipped darts
Armour
 a - a +0 robe
 j - a +1 chain mail of cold resistance
 D - a +1 cloak (worn)
 F - +0 steam dragon scales (worn)
 N - a +0 helmet (worn)
 P - +0 acid dragon scales
 R - a +0 pair of gloves (worn)
Jewellery
 i - an amulet of regeneration (around neck)
 o - a ring of positive energy (left hand)
 y - a +6 ring of strength
 C - an amulet of reflection
 G - a ring of willpower
 I - a ring of protection from cold (right hand)
Wands
 p - a wand of flame (24)
 s - a wand of charming (4)
 u - a wand of polymorph (2)
Scrolls
 c - 3 scrolls of enchant armour
 d - 4 scrolls of fog
 e - 2 scrolls of revelation
 f - 3 scrolls of immolation
 t - 3 scrolls of poison
 w - 2 scrolls of teleportation
 x - a scroll of noise
 B - a scroll of summoning
 H - 5 scrolls of identify
 J - 2 scrolls of torment {unknown}
 M - a scroll of amnesia {unknown}
 O - a scroll of enchant weapon {unknown}
 Q - a scroll of brand weapon {unknown}
Potions
 b - a potion of magic
 h - 3 potions of ambrosia
 k - 2 potions of degeneration
 q - a potion of might
 v - 4 potions of mutation
 z - 2 potions of attraction {unknown}
 A - 3 potions of brilliance
 E - a potion of enlightenment {unknown}
 K - a potion of lignification {unknown}


   Skills:
 + Level 2.3 Fighting
 - Level 0.1 Maces & Flails
 - Level 3.2 Dodging
 - Level 3.4 Stealth
 + Level 11.2 Spellcasting
 + Level 5.1 Conjurations
 + Level 2.6 Summonings
 + Level 0.9 Transmutations
 + Level 10.6 Earth Magic
 - Level 1.0 Evocations


You had 18 spell levels left.
You knew the following spells:

 Your Spells              Type           Power      Damage    Failure   Level
a - Sandblast             Erth           100%       2d20      1%          1
b - Call Imp              Summ           62%        N/A       1%          2
c - Passwall              Tmut/Erth      40%        N/A       1%          2
d - Magic Dart            Conj           100%       1d8       1%          1
e - Stone Arrow           Conj/Erth      100%       3d13      1%          3
f - Summon Small Mammal   Summ           100%       N/A       1%          1
g - Petrify               Tmut/Erth      49%        N/A       3%          4

Your spell library contained the following spells:

 Spells                   Type           Power      Damage    Failure   Level
 Apportation              Tloc           32%        N/A       3%          1
 Necrotise                Necr           64%        1d7       3%          1
 Slow                     Hex            64%        N/A       3%          1
 Wereblood                Tmut           21%        N/A       3%          2
 Sublimation of Blood     Necr           16%        N/A       4%          2
 Mephitic Cloud           Conj/Pois/Air  26%        N/A       4%          3
 Confusing Touch          Hex            16%        N/A       10%         3
 Vampiric Draining        Necr           16%        2d7       10%         3
 Anguish                  Hex/Necr       8%         N/A       32%         4
 Cause Fear               Hex            8%         N/A       32%         4
 Enfeeble                 Hex            8%         N/A       100%        7
 Summon Hydra             Summ           15%        N/A       100%        7


Dungeon Overview and Level Annotations

Branches:
Dungeon (11/15)            Temple (0/1) D:7            Lair (1/5) D:10
    Orc (2/2) D:10          IceCv (1/1)
    Elf: Orc:2

Shops:
D:2 ?   D:6 ?*?

Annotations:
D:4 2 transporters, AltDragon's ghost, amateur OpTm
D:8 3 runed translucent doors


Innate Abilities, Weirdness & Mutations

You have an increased reservoir of magic. (+10% MP)
You shall have no god before yourself.
Your divine heritage dramatically boosts your attributes as you level up.


Message History

The harpy simulacrum freezes you! You resist.
* * * LOW HITPOINT WARNING * * *
The harpy simulacrum claws you.
* * * LOW HITPOINT WARNING * * *
The harpy simulacrum freezes you. You resist.
* * * LOW HITPOINT WARNING * * *
Okay, then.
Okay, then.
Okay, then.
Aiming: Stone Arrow (safe; 1% risk of failure)
Press: ? - help, Q - select action, (/) - cycle Shift-Dir - straight line, f/p - harpy simulacrum
Aim: a harpy simulacrum (heavily damaged, 92% to hit)
The stone arrow hits the harpy simulacrum!!
The harpy simulacrum vaporises!
The wolf simulacrum closely misses you.
You feel better. The wolf simulacrum misses you.
As you read the scroll of teleportation, it crumbles to dust.
You feel strangely unstable.
The wolf simulacrum bites you but does no damage.
The wolf simulacrum barely misses you.
You feel better.
The wolf simulacrum bites you but does no damage.
Unknown command.
Aiming: Stone Arrow (safe; 1% risk of failure)
Press: ? - help, Q - select action, (/) - cycle Shift-Dir - straight line, f - wolf simulacrum
Aim: a wolf simulacrum (freezing vapour, 78% to hit)
The stone arrow hits the wolf simulacrum!
The wolf simulacrum vaporises!
Your surroundings seem slightly different.
The bog body casts a spell at you. You resist with almost no effort.
Unknown command.
Unknown command.
The bog body completely misses you. The bog body attacks as you move away!
The bog body touches you!
* * * LOW HITPOINT WARNING * * *
The bog body freezes you! You resist.
* * * LOW HITPOINT WARNING * * *
You feel yourself speed up. The bog body touches you.
You die...

######## ######## ######
##......## ##......######~.#..
##...###..####.....##..##~~##.#.
#(.⌠.[###...#..5.######~~~####..
##...## ###....###≈≈≈≈≈~~####...
###..# #######@.##≈≈≈≈≈≈≈##..##
#..####..####n####≈≈≈≈≈≈≈##..#
###..#.##..#.#Z#≈≈≈≈≈≈≈≈≈###..
###.#####...###≈≈≈≈≈≈≈≈#.5## ###
###..Z##≈≈≈≈≈≈##...#
###§.###≈≈≈##..###
##Z.#########5## #.Z## ##..
ZZ§## #...


You could see a bog body and a death yak simulacrum.

Vanquished Creatures
  A two-headed ogre (D:8)
  A bog body (IceCv)
  An orc knight (Orc:1)
  An orc sorcerer (Orc:1)
  An ice statue (IceCv)
  An unseen horror (D:10)
  2 rime drakes (Lair:1)
  A freezing wraith (IceCv)
  A komodo dragon (D:10)
  A dire elephant simulacrum (IceCv)
  7 yaks
  2 steam dragons
  2 death yak simulacra (IceCv)
  8 wargs
  A harpy simulacrum (IceCv)
  A hydra simulacrum (IceCv)
  A water moccasin (Lair:1)
  20 orc warriors
  A sky beast (D:8)
  3 black bears
  3 ogres (Orc:2)
  3 centaurs
  3 phantoms
  2 kobold brigands
  5 bullfrogs
  2 scorpions
  2 cane toad simulacra (IceCv)
  A gnoll sergeant (D:10)
  5 two-headed ogre simulacra (IceCv)
  14 wights
  4 killer bees (D:8)
  2 elephant simulacra (IceCv)
  A howler monkey (D:9)
  4 hounds
  A centaur zombie (D:5)
  10 orc priests
  4 jellies
  Terence (D:3)
  2 sleepcaps
  An iguana (D:5)
  16 orc wizards
  2 polar bear simulacra (IceCv)
  6 spriggan simulacra (IceCv)
  7 troll simulacra (IceCv)
  3 wolf simulacra (IceCv)
  2 hound zombies (D:5)
  7 gnolls
  5 adders
  4 naga simulacra (IceCv)
  7 white imps
  6 ufetubi (IceCv)
  A worm (D:3)
  A dart slug (D:4)
  74 orcs
  5 endoplasms
  4 giant cockroaches
  3 goblins
  6 hobgoblins
  3 jackals
  4 quokkas
  3 ball pythons
  2 bats
  9 kobolds
  3 rats
310 creatures vanquished.

Vanquished Creatures (collateral kills)
  An acid dragon (D:10)
  A gnoll bouda (D:7)
  A gnoll (D:7)
3 creatures vanquished.

Vanquished Creatures (others)
  4 yaks (D:10)
  A gnoll (D:7)
  An ufetubus (D:7)
6 creatures vanquished.

Grand Total: 319 creatures vanquished

Notes
Turn   | Place    | Note
-------+----------+-------------------------------------------
     0 | D:1      | olmar the Demigod Earth Elementalist began the quest for
                  | the Orb.
     0 | D:1      | Reached XP level 1. HP: 14/14 MP: 5/5
   407 | D:1      | Reached XP level 2. HP: 20/20 MP: 5/7
   554 | D:1      | Reached skill level 2 in Spellcasting
   840 | D:1      | Learned a level 2 spell: Call Imp
   843 | D:1      | Learned a level 2 spell: Passwall
   975 | D:2      | Identified the +2 whip of Limukiaf {freeze, Will++ rCorr}
  1087 | D:2      | Found Renag's Magic Scroll Shoppe.
  1092 | D:2      | Bought 3 scrolls of identify for 72 gold pieces
  1536 | D:3      | Noticed Terence
  1556 | D:3      | Killed Terence
  1557 | D:3      | Reached XP level 3. HP: 26/26 MP: 3/9
  1605 | D:3      | You fall into a shaft and drop 2 floors!
  1605 | D:5      | Entered Level 5 of the Dungeon
  1730 | D:5      | Learned a level 1 spell: Magic Dart
  1841 | D:5      | Noticed a phantom
  1954 | D:4      | Reached XP level 4. HP: 33/33 MP: 7/10
  2056 | D:4      | Found a transporter.
  2059 | D:4      | Noticed AltDragon's ghost (amateur OpTm)
  2072 | D:4      | Found a transporter.
  2114 | D:4      | Reached skill level 3 in Spellcasting
  2620 | D:4      | Noticed a black bear
  2697 | D:4      | Killed a black bear
  2698 | D:4      | Reached XP level 5. HP: 14/38 MP: 3/13
  3214 | D:5      | Reached skill level 4 in Spellcasting
  3214 | D:5      | Reached XP level 6. HP: 44/46 MP: 10/15
  3216 | D:5      | Reached skill level 1 in Summonings
  3335 | D:5      | Reached skill level 5 in Earth Magic
  3593 | D:5      | Reached skill level 1 in Fighting
  3664 | D:5      | Reached XP level 7. HP: 52/52 MP: 11/16
  4048 | D:6      | Reached skill level 5 in Spellcasting
  4083 | D:6      | Found Iblolimo's Assorted Antiques.
  4273 | D:6      | Found Zecvuc's Magic Scroll Boutique.
  4273 | D:6      | Found Qocwaime's Magic Scroll Boutique.
  4279 | D:6      | Bought a scroll of identify for 54 gold pieces
  4328 | D:6      | Reached skill level 1 in Conjurations
  4726 | D:2      | Bought a scroll of enchant armour for 90 gold pieces
  4726 | D:2      | Bought a scroll of noise for 12 gold pieces
  4726 | D:2      | Bought a scroll of teleportation for 36 gold pieces
  4726 | D:2      | Bought a scroll of identify for 24 gold pieces
  4726 | D:2      | Bought a scroll of identify for 24 gold pieces
  4890 | D:7      | Reached XP level 8. HP: 59/59 MP: 15/19
  4946 | D:7      | Reached skill level 6 in Spellcasting
  5212 | D:7      | Learned a level 3 spell: Stone Arrow
  5315 | D:7      | Found a staircase to the Ecumenical Temple.
  5677 | D:8      | Found a runed translucent gate.
  5678 | D:8      | Found a runed translucent gate.
  5678 | D:8      | Noticed a green ugly thing
  5678 | D:8      | Noticed a white ugly thing
  5678 | D:8      | Noticed a brown ugly thing
  5680 | D:8      | Found a runed translucent gate.
  5684 | D:8      | Noticed a purple ugly thing
  5758 | D:8      | Reached skill level 7 in Spellcasting
  5832 | D:8      | Reached XP level 9. HP: 60/64 MP: 20/23
  6382 | D:8      | Noticed a two-headed ogre
  6425 | D:8      | Killed a two-headed ogre
  6426 | D:8      | Reached skill level 8 in Spellcasting
  6426 | D:8      | Reached skill level 1 in Evocations
  6747 | D:8      | Noticed a deep elf pyromancer
  7564 | D:10     | Entered Level 10 of the Dungeon
  7576 | D:10     | Found a staircase to the Orcish Mines.
  7588 | D:10     | Reached skill level 9 in Spellcasting
  7588 | D:10     | Reached XP level 10. HP: 68/73 MP: 20/27
  8091 | D:10     | Found a staircase to the Lair.
  8846 | Orc:1    | Entered Level 1 of the Orcish Mines
  8851 | Orc:1    | Noticed an orc sorcerer
  9042 | Orc:1    | Killed an orc sorcerer
  9119 | Orc:1    | Reached skill level 10 in Spellcasting
  9432 | Orc:2    | Entered Level 2 of the Orcish Mines
  9490 | Orc:2    | Noticed an orc knight
  9633 | Orc:1    | Learned a level 1 spell: Summon Small Mammal
  9783 | Orc:1    | Killed an orc knight
 10113 | Orc:2    | Noticed an orc knight
 10901 | Orc:2    | Reached XP level 11. HP: 79/79 MP: 22/29
 10954 | Orc:1    | Reached skill level 10 in Earth Magic
 11587 | Orc:2    | Noticed an orc knight
 11601 | Orc:2    | an orc knight changed into a death drake
 11601 | Orc:2    | Noticed a death drake
 11694 | Lair:1   | Entered Level 1 of the Lair of Beasts
 11695 | Lair:1   | Found a frozen archway.
 11718 | IceCv    | Entered an ice cave
 12318 | IceCv    | Learned a level 4 spell: Petrify
 13258 | IceCv    | Reached skill level 11 in Spellcasting
 13448 | IceCv    | Reached skill level 5 in Conjurations
 13522 | IceCv    | Noticed a bog body
 13522 | IceCv    | Noticed a bog body
 13626 | IceCv    | Killed a bog body
 14050 | IceCv    | Slain by a bog body

Illustrated notes

Levels and vault maps discovered:
D:1:      tarquinn_simple_flora_water_d, layout_loops_cross, serial_forest,
          infiniplex_forest_lined_room_2, infiniplex_forest_zigzag_1,
          infiniplex_forest_fountain, infiniplex_forest_corner_1,
          infiniplex_forest_straight_3, infiniplex_forest_zigzag_1,
          infiniplex_forest_clump_curved, infiniplex_forest_lined_3
D:2:      layout_rooms, serial_shops, nicolae_shop_stone
D:3:      layout_rooms, uniq_terence
D:4:      layout_loops_ring, mainiacjoe_overflow_concentric_impassable,
          gammafunk_ghost_stat_death, hangedman_decor_points, minmay_crossroads
D:5:      layout_basic, serial_undead, serial_undead_c, serial_undead_f,
          serial_undead_a, serial_undead_f
D:6:      layout_layer_cave, nicolae_kite_square_tiling_tiny,
          nicolae_shop_distant_corner_stores, due_unseen_surprise
D:7:      layout_gridville, minmay_temple_entry_enclosed_plants
D:8:      layout_basic, ploomutoo_gammafunk_ghost_potion_laboratory,
          lightli_corner_chamber
D:9:      layout_loops_ring, evilmike_butchery
D:10:     layout_basic, david_lair_shrubbed, minmay_orc_entry_temple_small,
          lemuel_flamethrower_hall
D:11:     layout_long_grid, uniq_snorg, uniq_nergalle
Lair:1:   layout_misc_corridors, portal_ice_cave_rime, gauntlet_entry_generic
Orc:1:    layout_caves
Orc:2:    st_orc_town, layout_caves, serial_shops, shop,
          kennysheep_orc_sif_temple
IceCv:    ice_cave_caverns_02

Skill      XL: |  1  2  3  4  5  6  7  8  9 10 11 |
---------------+----------------------------------+-----
Earth Magic    | 3 4 5 6 7 8 9 10 | 10.6
Spellcasting   | 2 3 4 5 7 9 10 11 | 11.2
Dodging        | 2 3 |  3.2
Stealth        | 2 3 |  3.4
Summonings     | 1 2 |  2.6
Fighting       | 1 2 |  2.3
Conjurations   | 1 2 3 5 |  5.1
Evocations     | 1 |  1.0
Maces & Flails | |  0.1
Transmutations | |  0.9

Action                     |  1- 3 |  4- 6 |  7- 9 | 10-12 || total
---------------------------+-------+-------+-------+-------++-------
  Melee: Whip              |    10 |     5 |     1 |     5 ||    21
         Punch             |     2 |       |       |       ||     2
   Cast: Sandblast         |    61 |    52 |   161 |    58 ||   332
         Call Imp          |     2 |     3 |     7 |    16 ||    28
         Magic Dart        |     2 |     7 |     3 |    17 ||    29
         Stone Arrow       |       |       |     7 |   279 ||   286
         Summon Small Mamm |       |       |       |    12 ||    12
         Passwall          |       |       |       |     1 ||     1
         Petrify           |       |       |       |     1 ||     1
  Evoke: Wand              |       |       |    13 |    11 ||    24
    Use: Potion            |     2 |     2 |       |     6 ||    10
         Scroll            |     6 |       |     6 |     4 ||    16
 Armour: Robe              |     5 |     7 |     4 |       ||    16
         Steam dragon scal |       |       |    14 |    41 ||    55
  Dodge: Dodged            |    15 |    29 |    42 |   125 ||   211

Table legend: (Time is in decaauts)
 A = Elapsed time spent in this place.
 B = Non-inter-level travel time spent in this place.
 C = Inter-level travel time spent in this place.
 D = Time resting spent in this place.
 E = Time spent auto-exploring this place.
 F = Levels seen in this place.
 G = Mean time per level.
                   A        B        C        D        E       F      G
               +--------+--------+--------+--------+--------+-----+--------+
         Total |  14288 |  13788 |    500 |   4137 |   7319 |  15 |  952.5 |
       Dungeon |   9236 |   8761 |    475 |   1025 |   6439 |  11 |  839.6 |
          Lair |     24 |     24 |      0 |      2 |      0 |   1 |   24.0 |
  Orcish Mines |   2676 |   2651 |     25 |   1559 |    490 |   2 | 1338.0 |
      Ice Cave |   2350 |   2350 |      0 |   1551 |    389 |   1 | 2350.0 |
               +--------+--------+--------+--------+--------+-----+--------+

Top non-repeatable levels by time:
   IceCv: 2350 daAuts
   Orc:1: 1504 daAuts
    D:10: 1501 daAuts
     D:8: 1271 daAuts
   Orc:2: 1172 daAuts
     D:5: 1090 daAuts
     D:4: 1060 daAuts
     D:1: 925 daAuts
     D:7: 826 daAuts
     D:6: 699 daAuts
     D:9: 693 daAuts
     D:3: 654 daAuts
     D:2: 510 daAuts
  Lair:1: 24 daAuts
    D:11: 1 daAuts
